 Dungeon Crawl Stone Soup version 0.19.0-19-g8c6edcc (webtiles) character file.

9032 Rrauwl the Reanimator (level 11, -9/100 HPs)
             Began as a Deep Dwarf Necromancer on Nov 14, 2016.
             Was an Elder of Nemelex Xobeh.
             Mangled by a polar bear (24 damage)
             ... in an ice cave.
             The game lasted 02:05:47 (7278 turns).

Rrauwl the Reanimator (Deep Dwarf Necromancer)      Turns: 7278, Time: 02:05:48

Health: -9/100     AC:  2    Str: 12    XL:     11   Next: 17%
Magic:  7/16       EV: 18    Int: 18    God:    Nemelex Xobeh [****..]
Gold:   1721       SH:  0    Dex: 14    Spells: 4 memorised, 11 levels left

rFire  . . .     SeeInvis +     F - +2 long sword (vamp)
rCold  . . .     Gourm    +     v - +1 robe of the Orb {*Corrode +Blink rElec rPois} (curse)
rNeg   . . .     Faith    .     (no shield)
rPois  +         Spirit   .     (no helmet)
rElec  +         Reflect  .     k - +1 cloak
rCorr  .         Harm     .     (no gloves)
MR     ++...                    w - +0 pair of boots
Stlth  ++........               g - amulet of the gourmand
                                m - ring of protection from magic
                                x - ring of see invisible

@: corroded, non-regenerating
A: damage resistance, recharge devices, talons 1, sense surroundings 2, slow
regeneration 3
a: Device Recharging, Triple Draw, Deal Four, Renounce Religion, Evoke Blink


You were in an ice cave.
You worshipped Nemelex Xobeh.
Nemelex Xobeh was greatly pleased with you.
You were not hungry.

You visited 2 branches of the dungeon, and saw 9 of its levels.
You also visited: Bailey and Ice Cave.

You collected 1930 gold pieces.
You spent 209 gold pieces at shops.

Inventory:

Hand Weapons
 y - a +0 shortbow
 A - the +1 falchion "Enail" {flame, Dex+3}
   (You took it off Maurice on level 8 of the Dungeon)

   It has been specially enchanted to burn those struck by it, causing extra
   injury to most foes and up to half again as much damage against particularly
   susceptible opponents.
   Big, fiery blades are also staple armaments of hydra-hunters.
   It affects your dexterity (+3).
 F - a +2 vampiric long sword (weapon)
Missiles
 e - 261 arrows
 u - 49 tomahawks of returning (quivered)
Armour
 k - a +1 cloak (worn)
 v - the cursed +1 robe of the Orb (worn) {*Corrode +Blink rElec rPois}
   (You found it on level 8 of the Dungeon)

   It insulates you from electricity.
   It protects you from poison.
   It lets you blink.
   It may corrode you when you take damage.
   It has a curse placed upon it.
 w - a +0 pair of boots (worn)
Magical Staves
 h - an uncursed staff of conjuration
Jewellery
 g - an amulet of the gourmand (around neck)
 m - a ring of protection from magic (right hand)
 x - a ring of see invisible (left hand)
Wands
 c - a wand of heal wounds (0/9)
 B - a wand of flame (26/48)
 G - a wand of lightning (3/15)
Scrolls
 f - 2 scrolls of magic mapping
 j - 3 scrolls of fog
 l - 3 scrolls of amnesia
 n - 4 scrolls of identify
 s - 4 scrolls of enchant armour
Potions
 p - 2 potions of resistance
 r - 3 potions of lignification
 E - a potion of cancellation
Books
 b - a book of Necromancy

   Spells                             Type                      Level
   a - Pain                           Necromancy                   1
   b - Animate Skeleton               Necromancy                   1
   c - Vampiric Draining              Necromancy                   3
   d - Regeneration                   Charms/Necromancy            3
   e - Animate Dead                   Necromancy                   4
   f - Control Undead                 Necromancy                   4
 t - a Young Poisoner's Handbook

   Spells                             Type                      Level
   a - Sting                          Conjuration/Poison           1
   b - Mephitic Cloud                 Conjuration/Poison/Air       3
   c - Olgreb's Toxic Radiance        Poison                       4
   d - Alistair's Intoxication        Transmutation/Poison         5
   e - Venom Bolt                     Conjuration/Poison           5
Miscellaneous
 q - a crystal ball of energy
 C - a legendary deck of destruction {drawn: 8}
 D - a legendary deck of escape {drawn: 3}
Comestibles
 a - 20 chunks of flesh
 d - 6 bread rations
 i - 5 meat rations
 o - 11 fruits
 z - 2 beef jerkies


   Skills:
 + Level 7.3 Fighting
   Level 5.6(6.1) Short Blades
 + Level 3.6(5.4) Long Blades
 + Level 8.9 Dodging
 - Level 2.5 Stealth
 + Level 6.7 Spellcasting
 + Level 9.8 Necromancy


You had 11 spell levels left.
You knew the following spells:

 Your Spells              Type           Power        Failure   Level  Hunger
a - Pain                  Necr           ####         1%          1    None
b - Vampiric Draining     Necr           #####.....   1%          3    ##.....
c - Animate Dead          Necr           N/A          1%          4    ####...
d - Control Undead        Necr           #####.....   1%          4    ####...


Dungeon Overview and Level Annotations

Branches:
Dungeon (8/15)             Temple (0/1) D:4            Lair (1/6) D:8

Altars:
Ashenzari
Cheibriados
Elyvilon
Fedhas
Gozag
Hepliaklqana
Nemelex Xobeh
Qazlal
Ru
Trog
Vehumet
Xom
Yredelemnul

Shops:
D:4 %   D:6 *


Innate Abilities, Weirdness & Mutations

You are resistant to damage.
You can recharge devices by infusing magical energy.
You passively map the area around you.
You do not regenerate.
You have sharp toenails.


Message History

You hit the polar bear but do no damage.
The polar bear is severely wounded.
The polar bear misses you.
The polar bear claws you but does no damage.
The polar bear closely misses you.
The polar bear goes berserk!
Zapping:
B - a wand of flame (27/48)
Press: ? - help, Shift-Dir - straight line, f/p - polar bear
Aim: a polar bear (severely wounded, berserk, fast, unusually strong)
The puff of flame hits the polar bear.
The polar bear is severely wounded.
This wand has 26 charges left.
The polar bear bites you!!
* * * LOW HITPOINT WARNING * * *
Your corrosive artefact corrodes you!
The polar bear misses you. The polar bear claws you!
* * * LOW HITPOINT WARNING * * *
You hear a howl!
The polar bear bites you!!
You die...
Your body disappears without a glow.

≈ * * * #≈≈# * ≈≈
≈ ≈≈# * ≈ ≈ * ###
≈≈# , * * ≈##.##≈#
, ≈ #††#≈# * ≈
##...#* * #..#.#
###* ##h##h#
##.##≈ #@.###h,
#...# *#.####..*
### #...#≈
#.##.#### * #.#
##.#.##≈#...#.# ≈≈
#.#
##..#..#≈##.####
≈≈##.# #..###.#
#..#### * #..#
##.###.##≈##..#.##
##.# #..##..#≈
#.....## ##.#
##.###.#*
##...#.###.##


You could see a polar bear (berserk).

Vanquished Creatures
  Erica (D:8)
  Pikel (D:6)
  2 rime drakes (Lair:1)
  5 polar bears (IceCv)
  A two-headed ogre (D:8)
  2 hippogriffs (Lair:1)
  9 yaks
  A water moccasin (Lair:1)
  A porcupine (Lair:1)
  3 orc warriors
  4 slaves (D:6)
  A black bear (D:6)
  2 sky beasts
  3 ice beasts (D:8)
  4 centaurs
  5 wolves (IceCv)
  3 ogres
  2 crocodiles (Lair:1)
  2 wyvern zombies (D:7)
  A bullfrog (D:8)
  A water moccasin zombie (D:5)
  3 scorpions
  5 wights
  3 crimson imps
  A bullfrog zombie (D:6)
  4 jellies
  A bullfrog skeleton (D:7)
  A centaur skeleton (D:5)
  4 orc priests
  2 hounds
  An iron imp (D:7)
  3 orc wizards
  An iguana (D:5)
  2 worker ants
  13 gnolls
  9 adders
  An adder zombie (D:4)
  An adder skeleton (D:6)
  4 worms
  A dart slug (D:3)
  3 leopard geckos
  42 orcs
  3 giant cockroaches
  12 goblins
  12 hobgoblins
  4 jackals (D:1)
  21 kobolds
  A quokka (D:8)
  A ball python (D:1)
  6 bats
  2 frilled lizards (D:2)
  4 rats
  A bush (D:4)
226 creatures vanquished.

Vanquished Creatures (collateral kills)
  An orc knight (Bailey)
  Maurice (D:8)
  An orc warrior (Bailey)
  A phantom (D:4)
  A centaur (D:7)
  5 wights
  A worker ant (D:7)
  A gnoll (Bailey)
  4 jackals
16 creatures vanquished.

Vanquished Creatures (others)
  A yak (IceCv)
  A ball lightning (D:6)
  A kobold (Bailey)
  A fungus (Lair:1)
4 creatures vanquished.

Grand Total: 246 creatures vanquished

Notes
Turn   | Place    | Note
-------+----------+-------------------------------------------
     0 | D:1      | Rrauwl the Deep Dwarf Necromancer began the quest for the Orb.
     0 | D:1      | Reached XP level 1. HP: 15/15 MP: 3/3
   129 | D:1      | Reached XP level 2. HP: 17/22 MP: 1/5
   218 | D:1      | Learned a level 1 spell: Pain
   396 | D:1      | Reached skill level 1 in Fighting
   461 | D:2      | Found a shimmering altar of Xom.
   461 | D:2      | Found a white marble altar of Elyvilon.
   461 | D:2      | Found a sparkling altar of Nemelex Xobeh.
   469 | D:2      | Found an opulent altar of Gozag.
   481 | D:2      | Became a worshipper of Nemelex Xobeh the Trickster
   498 | D:2      | Received a gift from Nemelex Xobeh
   521 | D:2      | Reached XP level 3. HP: 19/31 MP: 2/6
   693 | D:2      | Found a hazy altar of Hepliaklqana.
   899 | D:2      | Reached XP level 4. HP: 27/38 MP: 3/7
   924 | D:2      | Reached skill level 5 in Necromancy
  1138 | D:2      | Learned a level 3 spell: Vampiric Draining
  1377 | D:3      | Found a bloodstained altar of Trog.
  1453 | D:3      | Reached * piety under Nemelex Xobeh
  1576 | D:3      | Reached XP level 5. HP: 22/45 MP: 0/8
  1650 | D:3      | Reached skill level 1 in Short Blades
  1757 | D:3      | Received a gift from Nemelex Xobeh
  1857 | D:4      | Noticed a phantom
  1904 | D:4      | Killed a phantom
  1956 | D:4      | Noticed an ogre
  1963 | D:4      | Killed an ogre
  1963 | D:4      | Reached XP level 6. HP: 32/55 MP: 6/10
  1986 | D:4      | Found Tise's Food Boutique.
  2255 | D:4      | Found a shattered altar of Ashenzari.
  2423 | D:4      | Reached skill level 6 in Necromancy
  2680 | D:4      | Found a blossoming altar of Fedhas.
  2687 | D:4      | Found a staircase to the Ecumenical Temple.
  2818 | D:3      | Reached XP level 7. HP: 44/61 MP: 1/11
  2920 | D:5      | Entered Level 5 of the Dungeon
  2941 | D:5      | Learned a level 4 spell: Animate Dead
  3074 | D:5      | Found a hazy altar of Hepliaklqana.
  3108 | D:5      | Reached ** piety under Nemelex Xobeh
  3381 | D:5      | Reached XP level 8. HP: 38/72 MP: 0/13
  3571 | D:5      | Reached skill level 5 in Dodging
  3616 | D:5      | Found a snail-covered altar of Cheibriados.
  4173 | D:6      | Received a gift from Nemelex Xobeh
  4276 | D:6      | Reached skill level 7 in Necromancy
  4310 | D:6      | Found a faded altar of an unknown god.
  4310 | D:6      | Found a stormy altar of Qazlal.
  4329 | D:6      | Learned a level 4 spell: Control Undead
  4382 | D:6      | Found a radiant altar of Vehumet.
  4384 | D:6      | Found a sacrificial altar of Ru.
  4399 | D:6      | Found a basalt altar of Yredelemnul.
  4427 | D:6      | HP: 2/73 [wight/great sword (10)]
  4524 | D:6      | Noticed Pikel
  4639 | D:6      | Killed Pikel
  4639 | D:6      | Gained mutation: You passively map the area around you. [Deep Dwarf growth]
  4639 | D:6      | Reached XP level 9. HP: 42/80 MP: 0/14
  4661 | D:6      | Reached *** piety under Nemelex Xobeh
  4668 | D:6      | Found Wapaq's General Store.
  4671 | D:6      | Bought a wand of flame (36/48) for 209 gold pieces
  4975 | D:6      | Reached skill level 5 in Fighting
  5088 | D:7      | Received a gift from Nemelex Xobeh
  5209 | D:7      | Found a flagged portal.
  5219 | Bailey   | Entered a bailey
  5246 | Bailey   | Noticed an orc knight
  5344 | Bailey   | Killed an orc knight
  5344 | Bailey   | Reached skill level 5 in Spellcasting
  5344 | Bailey   | Reached skill level 8 in Necromancy
  5495 | D:7      | Reached skill level 5 in Short Blades
  5580 | D:7      | Gained mutation: You have sharp toenails. [potion of beneficial mutation]
  5886 | D:8      | Noticed Erica
  5898 | D:8      | Killed Erica
  5898 | D:8      | Reached XP level 10. HP: 73/91 MP: 14/16
  5915 | D:8      | Noticed Maurice
  5930 | D:8      | Killed Maurice
  5941 | D:8      | Got a polished falchion {flame}
  5942 | D:8      | Identified the +1 falchion "Enail" {flame, Dex+3} (You took it off Maurice on level 8 of the Dungeon)
  5983 | D:8      | Reached **** piety under Nemelex Xobeh
  5983 | D:8      | Received a gift from Nemelex Xobeh
  6126 | D:8      | Found a staircase to the Lair.
  6165 | D:8      | Got a brightly glowing robe
  6176 | D:8      | Identified the cursed +1 robe of the Orb {*Corrode +Blink rElec rPois} (You found it on level 8 of the Dungeon)
  6528 | D:8      | Reached skill level 1 in Long Blades
  6575 | Lair:1   | Entered Level 1 of the Lair of Beasts
  6606 | Lair:1   | Reached skill level 9 in Necromancy
  6894 | Lair:1   | Received a gift from Nemelex Xobeh
  6915 | Lair:1   | Noticed a spiny frog
  6975 | Lair:1   | Found a frozen archway.
  7030 | IceCv    | Entered an ice cave
  7168 | IceCv    | Reached XP level 11. HP: 80/100 MP: 0/15
  7278 | IceCv    | Mangled by a polar bear

Skill      XL: |  1  2  3  4  5  6  7  8  9 10 |
---------------+-------------------------------+-----
Spellcasting   | 2 3 4 5 6 |  6.7
Fighting       | 1 2 3 4 6 7 |  7.3
Necromancy     | 5 6 7 8 9 |  9.8
Dodging        | 3 4 5 7 8 |  8.9
Short Blades   | 1 2 3 4 5 |  5.6
Long Blades    | 3 |  3.6
Stealth        | |  2.5

Action                   |  1- 3 |  4- 6 |  7- 9 | 10-12 || total
-------------------------+-------+-------+-------+-------++-------
Melee: Unarmed           |    89 |       |       |       ||    89
       Short sword       |       |   312 |   198 |     3 ||   513
       Long sword        |       |       |       |   163 ||   163
 Fire: Shortbow          |       |       |    36 |       ||    36
 Cast: Pain              |    61 |    88 |    83 |    24 ||   256
       Vampiric Draining |       |    13 |    38 |    42 ||    93
       Animate Dead      |       |       |     1 |       ||     1
       Control Undead    |       |       |    10 |       ||    10
 Abil: Device Recharging |       |       |     2 |     3 ||     5
       Evoke Blink       |       |       |       |     1 ||     1
Evoke: Deck              |     2 |     5 |    18 |    20 ||    45
       Wand              |       |     4 |    40 |    35 ||    79
  Use: Scroll            |     7 |     5 |     4 |     3 ||    19
       Potion            |     4 |     2 |    10 |     1 ||    17
 Stab: Sleeping          |       |       |       |     1 ||     1
  Eat: Chunk             |    16 |     7 |    15 |    12 ||    50
Armor: Robe              |    36 |    21 |    55 |    65 ||   177
Dodge: Dodged            |   125 |    95 |   235 |   243 ||   698
       Rpst.: Long sword |       |       |       |    48 ||    48
